Map: 2000 Atmospheres LE

Players

A.I. 1 (Very Easy)

  • Race: Terran Terran
  • Spawn Location: 7:00

Cheddar - Winner!

  • Race: Protoss Protoss
  • League: Platinum
  • Spawn Location: 3:00

VOD

Have the link to the VOD?

Description

Time

  • Played on: July 14, 2022, 5:43 a.m.
  • Length: 7:51
Show
View Real Time Build Order
Export as new Build Order

A.I. 1 (Very Easy) Terran 

Build Orders: Reaper Expand 

Get SALT Encoding   

  12  0:00  SCV  
  13  0:13  SCV  
  14  0:18  Supply Depot  
  14  0:42  Barracks  
  14  1:02  Command Center  
  14  1:29  Supply Depot  
  14  1:30  Orbital Command  
  14  1:31  Marine  
  15  1:36  Refinery  
  15  1:46  Refinery  
  15  1:55  SCV  
  16  2:07  SCV  
  17  2:14  SCV  
  17  2:15  Reaper  
  19  2:21  SCV  
  20  2:28  SCV  
  21  2:35  SCV  
  22  2:42  SCV  
  23  2:48  Refinery  
  23  2:49  SCV  
  24  2:57  SCV  
  25  3:02  Marine  
  25  3:04  SCV  
  27  3:11  SCV  
  28  3:17  Factory  
  28  3:18  SCV  
  29  3:39  Refinery  
  29  3:43  SCV  
  30  3:50  SCV, Marine  
  30  3:51  Supply Depot  
  32  3:57  SCV  
  33  4:03  Starport  
  33  4:04  SCV  
  33  4:09  Barracks Tech Lab  
  34  4:11  SCV  
  35  4:18  SCV  
  36  4:25  SCV  
  36  4:28  Supply Depot  
  37  4:33  SCV  
  38  4:39  Marauder  
  38  4:40  SCV  
  38  4:41  Starport Tech Lab  
  41  4:47  SCV  
  42  4:54  SCV  
  43  5:00  Raven  
  43  5:01  SCV  
  46  5:08  SCV  
  47  5:15  SCV  
  48  5:22  Hellion  
  48  5:23  Supply Depot  
  50  5:28  SCV  
  44  5:36  SCV  
  36  5:43  SCV, Raven  
  30  5:50  Hellion  
  30  5:51  SCV  
  25  5:58  SCV  
  25  6:05  SCV  
  26  6:13  SCV  
  24  6:19  Marauder  
  24  6:20  SCV  
  27  6:27  SCV  
  27  6:31  Starport Tech Lab  
  25  6:34  SCV  
  26  6:41  SCV  
  24  6:48  SCV, Hellion  
  29  7:03  SCV  
  25  7:21  Supply Depot  
  14  7:30  SCV  
  14  7:34  Supply Depot  
Show
View Real Time Build Order
Export as new Build Order

Cheddar Protoss - Winner!

Build Orders: 1 Gate Expand, Blink Stalkers 

Get SALT Encoding   

  12  0:00  Probe  
  13  0:12  Probe  
  14  0:17  Pylon  
  14  0:24  Probe (Chrono Boost)  
  15  0:37  Probe (Chrono Boost), Gateway  
  16  0:45  Probe (Chrono Boost)  
  16  0:48  Assimilator  
  17  0:51  Probe  
  18  1:03  Probe  
  19  1:15  Probe  
  20  1:24  Cybernetics Core  
  20  1:34  Nexus  
  20  1:41  Pylon  
  20  1:45  Probe  
  21  1:52  Assimilator  
  21  1:58  Adept (Chrono Boost)  
  23  2:02  Probe  
  23  2:03  Warp Gate  
  24  2:14  Probe  
  25  2:26  Probe  
  25  2:29  Twilight Council  
  26  2:37  Gateway  
  26  2:38  Probe  
  26  2:39  Stalker  
  29  2:46  Probe  
  30  2:56  Probe  
  31  2:59  Probe  
  31  3:02  Blink (Chrono Boost)  
  32  3:08  Probe  
  32  3:11  Probe  
  34  3:20  Probe  
  34  3:23  Probe  
  34  3:24  Robotics Facility  
  36  3:32  Probe  
  37  3:35  Probe  
  38  3:42  Nexus  
  38  3:46  Pylon  
  38  3:49  Probe  
  38  3:50  Probe  
  38  3:55  Stalker  
  42  4:00  Stalker  
  44  4:12  Warp Prism (Chrono Boost)  
  44  4:15  Pylon  
  46  4:18  Stalker  
  46  4:22  Stalker  
  50  4:28  Probe  
  50  4:29  Probe  
  52  4:41  Stalker  
  54  4:45  Stalker  
  56  4:53  Probe  
  56  4:54  Probe  
  56  4:55  Probe  
  59  5:04  Stalker  
  59  5:05  Probe  
  59  5:06  Probe  
  63  5:07  Probe  
  63  5:08  Stalker  
  66  5:27  Stalker  
  68  5:31  Stalker  
Tags
 
Add a new tag
Caveats
  • Supply blocks, unpowered buildings, or Contaminate may cause inaccurate times.
  • Supply counts are checked every 10 seconds.